 Dungeon Crawl Stone Soup version 0.27-a0-1191-g601b473118 (webtiles) character file.

Game seed: 13386582734850942855

36 Mrcawl the Shooter (level 3, -1/18 HPs)
             Began as a Spriggan Hunter on May 23, 2021.
             Killed from afar by a dart slug (3 damage)
             ... with a slug dart
             ... on level 2 of the Dungeon.
             The game lasted 00:02:18 (1141 turns).

Mrcawl the Shooter (Spriggan Hunter)                Turns: 1141, Time: 00:02:18

Health: -1/18      AC:  2    Str:  8    XL:     3   Next: 19%
Magic:  4/4        EV: 17    Int: 12    God:
Gold:   42         SH:  0    Dex: 16    Spells: 2/2 levels left

rFire    . . .     SeeInvis +   a - +1 shortbow
rCold    . . .     Faith    .   (shield currently unavailable)
rNeg     . . .     Spirit   .   c - +0 robe
rPois    .         Reflect  .   (helmet restricted)
rElec    .         Harm     .   (no cloak)
rCorr    .         Rampage  .   (gloves unavailable)
Will     .....                  (boots unavailable)
Stlth    ++........             (no amulet)
HPRegen  0.06/turn              (no ring)
MPRegen  0.09/turn              (no ring)

@: very quick
A: very small, no large weapons, unfitting armour, see invisible, speed 3
a: no special abilities


You were on level 2 of the Dungeon.
You visited 1 branch of the dungeon, and saw 2 of its levels.

You collected 42 gold pieces.

Inventory:

Hand Weapons
 a - a +1 shortbow (weapon)
 b - a +0 short sword
Missiles
 d - 3 arrows (quivered ammo)
Armour
 c - a +0 robe (worn)
Potions
 e - a potion of lignification


   Skills:
 + Level 1.6 Fighting
 * Level 6.1 Bows
 + Level 2.6 Dodging
 - Level 1.5 Stealth


You had 2 spell levels left.
You didn't know any spells.
Your spell library contained the following spells:

 Spells                   Type           Power      Damage    Failure   Level
 Magic Dart               Conj           0%         1d3       32%         1
 Blink                    Tloc           N/A        N/A       45%         2
 Call Imp                 Summ           0%         N/A       45%         2
 Slow                     Hex            0%         N/A       45%         2
 Conjure Flame            Conj/Fire      0%         6-21      69%         3
 Mephitic Cloud           Conj/Pois/Air  0%         N/A       69%         3


Dungeon Overview and Level Annotations

Branches:
Dungeon (2/15)

Altars:


Innate Abilities, Weirdness & Mutations

You are very small and have problems with some larger weapons.
You are too small for most types of armour.
You have supernaturally acute eyesight. (SInv)
You cover ground extremely quickly. (Speed+++)


Message History

The adder barely misses you.
You shoot an arrow. The arrow barely misses the adder.
The adder closely misses you.
You shoot an arrow. The arrow barely misses the endoplasm.
The adder bites you.
You are poisoned.
The adder poisons you! The endoplasm freezes you.
You are frozen.
You are too injured to fight recklessly!
You are too injured to fight recklessly!
You are too injured to fight recklessly!
You are too injured to fight recklessly!
You are too injured to fight recklessly!
You are too injured to fight recklessly!
You are too injured to fight recklessly!
You are too injured to fight recklessly!
You are too injured to fight recklessly!
You are too injured to fight recklessly!
You are too injured to fight recklessly!
You are too injured to fight recklessly!
You are too injured to fight recklessly!
You feel sick.
You feel sick.
* * * LOW HITPOINT WARNING * * *
You feel sick.
Okay, then.
* * * LOW HITPOINT WARNING * * *
You feel sick.
* * * LOW HITPOINT WARNING * * *
You feel sick.
* * * LOW HITPOINT WARNING * * *
You feel sick.
* * * LOW HITPOINT WARNING * * *
You feel sick.
You are no longer poisoned.
There is an open door here.
There is an open door here.
The dart slug launches a dart at you. The slug dart hits you.
You die...

#.####..# *,,,,,,,,* #.##*#..###
*,***,,,,, ,...##....# *,***,*,,*
*,#.....#.###### *,,,,,,,,*
*,###..........# *,***,*,** *,*
##...#####.# *,,,,,,,,,
#.####..## #.#*#### **###,..,,
#.......# #.##...#* #..,(.,#
#######.# #.#@#*#,# #.#,.#.#
##'## #...# #.# #.#,.#.* ##...##
###.###.### #.#,..,, ##.....##
##......# #.#*.#,. *#.......##
##<.#*#.# #.##(#..
**#.........####..w###.###.......
,,+.........S..S....J............
**#.........####...###.#######...
##.......## ##......# **#..


You could see a dart slug.

Vanquished Creatures
  2 worms (D:2)
  A dart slug (D:1)
  2 ball pythons
  An endoplasm (D:1)
  A giant cockroach (D:1)
  3 goblins
  4 hobgoblins
  2 quokkas (D:1)
  A bat (D:1)
  3 frilled lizards
  4 kobolds
  2 rats (D:1)
26 creatures vanquished.

Notes
Turn   | Place    | Note
-------+----------+-------------------------------------------
     0 | D:1      | Mrcawl the Spriggan Hunter began the quest for the Orb.
     0 | D:1      | Reached XP level 1. HP: 10/10 MP: 2/2
    68 | D:1      | Reached skill level 5 in Bows
   142 | D:1      | Found a faded altar of an unknown god.
   222 | D:1      | Reached XP level 2. HP: 4/14 MP: 3/3
   962 | D:2      | Reached skill level 6 in Bows
   962 | D:2      | Reached XP level 3. HP: 18/18 MP: 4/4
  1141 | D:2      | Killed from afar by a dart slug

Illustrated notes

Levels and vault maps discovered:
D:1:      lemuel_arrival_cross, layout_basic,
          ebering_ecumenical_altar_petrified, st_stairs_4,
          minmay_curled_crystal, minmay_cut_off
D:2:      layout_loops_corners

Skill      XL: |  1  2 |
---------------+-------+-----
Bows           | 5 6 |  6.1
Fighting       | |  1.6
Dodging        | |  2.6
Stealth        | |  1.5

Action                   || total
-------------------------++-------
 Fire: Shortbow          ||    80
  Use: Scroll            ||     4
Dodge: Dodged            ||     7

Table legend: (Time is in decaauts)
 A = Elapsed time spent in this place.
 B = Non-inter-level travel time spent in this place.
 C = Inter-level travel time spent in this place.
 D = Time resting spent in this place.
 E = Time spent auto-exploring this place.
 F = Levels seen in this place.
 G = Mean time per level.
                   A        B        C        D        E       F      G
               +--------+--------+--------+--------+--------+-----+--------+
         Total |    876 |    864 |     12 |      0 |    702 |   2 |  438.0 |
       Dungeon |    876 |    864 |     12 |      0 |    702 |   2 |  438.0 |
               +--------+--------+--------+--------+--------+-----+--------+

Top non-repeatable levels by time:
     D:1: 728 daAuts
     D:2: 147 daAuts
